 Dungeon Sprint DCSS version 0.23-a0-175-g97aacdb (webtiles) character file.

1520 emperorscorpion the Thaumaturge (level 8, -4/68 HPs)
             Began as a Gnoll Warper on Sept 15, 2018.
             Was a Follower of Ru.
             Slain by a bullfrog (6 damage)
             ... in the Dungeon (Sprint IX: "|||||||||||||||||||||||||||||") on Sept 16, 2018.
             The game lasted 00:07:08 (523 turns).

emperorscorpion the Thaumaturge (Gnoll Warper)       Turns: 523, Time: 00:07:10

Health: -4/68      AC:  5    Str: 16    XL:     8   Next: 84%
Magic:  1/20       EV: 17    Int: 21    God:    Ru [*.....]
Gold:   0          SH:  0    Dex: 15    Spells: 16/24 levels left

rFire    . . .     SeeInvis .   a - +2 halberd (venom)
rCold    . . .     Gourm    .   (shield currently unavailable)
rNeg     . . .     Faith    .   b - +0 leather armour
rPois    .         Spirit   .   (no helmet)
rElec    .         Reflect  .   (no cloak)
rCorr    .         Harm     .   (no gloves)
MR       .....     NoTele   +   p - +0 pair of boots
Stlth    +++.......             (no amulet)
HPRegen  0.21/turn              r - +3 ring of intelligence
MPRegen  0.17/turn              s - +3 ring of strength

@: no status effects
A: distributed training, fangs 1, missing an eye, strong nose
a: Renounce Religion


You were in the Dungeon.
You worshipped Ru.
Ru was aware of your devotion.
You were not hungry.

You visited 1 branch

Inventory:

Hand Weapons
 a - a +2 halberd of venom (weapon)
 o - a +0 spear
Missiles
 e - 5 tomahawks of dispersal (quivered)
 u - 4 tomahawks
Armour
 b - a +0 leather armour (worn)
 p - a +0 pair of boots (worn)
 q - a +1 scale mail
Magical Staves
 n - an uncursed staff of energy
 x - an uncursed staff of poison
Jewellery
 r - a +3 ring of intelligence (left hand)
 s - a +3 ring of strength (right hand)
Wands
 m - a wand of iceblast (1)
Scrolls
 d - 4 scrolls of blinking
 k - 3 scrolls of remove curse
 l - 2 scrolls of amnesia
 w - a scroll of fear
 y - 4 scrolls of enchant armour
 z - 2 scrolls of fog
Potions
 c - a potion of invisibility
 g - 8 potions of curing
 h - 4 potions of heal wounds
 i - a potion of haste
 j - 4 potions of magic
 t - 2 potions of brilliance
 v - a potion of berserk rage
Comestibles
 f - a ration


   Skills:
 + Level 8.3 Fighting
 + Level 6.8 Short Blades
 + Level 6.8 Long Blades
 + Level 6.8 Axes
 + Level 6.8 Maces & Flails
 + Level 8.3 Polearms
 + Level 6.8 Staves
 + Level 6.8 Slings
 + Level 6.8 Bows
 + Level 6.8 Crossbows
 + Level 7.3 Throwing
 + Level 7.3 Armour
 + Level 8.3 Dodging
 + Level 6.8 Stealth
 + Level 6.8 Shields
 + Level 6.8 Unarmed Combat
 + Level 8.5 Spellcasting
 + Level 5.6 Conjurations
 + Level 5.6 Hexes
 + Level 5.6 Charms
 + Level 5.6 Summonings
 + Level 5.6 Necromancy
 + Level 8.0 Translocations
 + Level 5.6 Transmutations
 + Level 5.6 Fire Magic
 + Level 5.6 Ice Magic
 + Level 5.6 Air Magic
 + Level 5.6 Earth Magic
 + Level 5.6 Poison Magic
 + Level 7.4 Invocations
 + Level 6.8 Evocations


You had 16 spell levels left.
You knew the following spells:

 Your Spells              Type           Power        Failure   Level  Hunger
a - Shroud of Golubria    Chrm/Tloc      #####.....   1%          2    None
b - Blink                 Tloc           N/A          1%          2    None
c - Passage of Golubria   Tloc           N/A          3%          4    ###....

Your spell library contained the following spells:

 Spells                   Type           Power        Failure   Level  Hunger
 Gell's Gravitas          Tloc           #####.....   1%          3    None
 Lesser Beckoning         Tloc           #####.....   1%          3    None
 Teleport Other           Tloc           #####...     1%          3    None


Dungeon Overview and Level Annotations

Branches:
Dungeon (1/1)

Altars:
Cheibriados
Dithmenos
Elyvilon
Fedhas
Gozag
Hepliaklqana
Kikubaaqudgha
Makhleb
Nemelex Xobeh
Okawaru
Qazlal
Ru
Sif Muna
Trog
Uskayaw
Vehumet
Wu Jian
Xom
Yredelemnul
Zin
The Shining One
Beogh
Jiyva
Lugonu


Innate Abilities, Weirdness & Mutations

Your experience applies equally to all skills.
You have very sharp teeth.
You are missing an eye, making it more difficult to aim.
Your uncanny sense of smell can sniff out nearby items.


Message History

The bullfrog releases a deep croak.
Unknown command.
You barely miss the komodo dragon.
The spiny frog croaks.
You bite the komodo dragon.
The komodo dragon is severely wounded.
You hear a croak.
The komodo dragon bites you!!
* * * LOW HITPOINT WARNING * * *
You closely miss the komodo dragon.
The komodo dragon is severely wounded.
The komodo dragon bites you!
* * * LOW HITPOINT WARNING * * *
You hit the komodo dragon.
The komodo dragon looks as sick as possible!
The komodo dragon is almost dead.
You kill the komodo dragon!
Your Translocations skill increases to level 8!
The bullfrog hits you.
You die...

▓▓▓▓▓▓▓▓▓▓▓▓▓▓▓▓▓▓▓▓▓▓▓▓▓▓▓▓▓▓▓▓▓
____________________+.....)....))
▓▓▓▓▓▓▓▓▓▓▓▓▓▓▓▓▓▓▓▓▓▓▓▓▓▓▓▓▓▓▓▓▓
..............................^..
▓▓▓▓▓▓▓▓▓▓▓▓▓▓▓▓▓▓▓▓▓▓▓▓▓▓▓▓▓▓▓▓▓
FFSt†HF@............'...
▓▓▓▓▓▓▓▓▓▓▓▓▓▓▓▓▓▓▓▓▓▓▓▓
∆∆∆∆∆∆∆∆∆ ∆∆∆∆∆∆∆∆∆∆∆∆∆


You could see a hippogriff, a black mamba, a spiny frog, a crocodile and 2
bullfrogs.

Vanquished Creatures
  A cyclops (D)
  2 komodo dragons (D)
  A hippogriff (D)
  A water moccasin (D)
  An ogre (D)
  A centaur (D)
  A scorpion (D)
  2 crimson imps (D)
  2 worker ants (D)
  3 adders (D)
  A dart slug (D)
  3 orcs (D)
  2 hobgoblins (D)
  A bat (D)
  A frilled lizard (D)
  A quokka skeleton (D)
24 creatures vanquished.

Notes
Turn   | Place    | Note
-------+----------+-------------------------------------------
     0 | D        | emperorscorpion the Gnoll Warper began the quest for the
                  | Orb.
     0 | D        | Reached XP level 1. HP: 20/20 MP: 6/6
    15 | D        | Reached skill level 5 in Spellcasting
    15 | D        | Reached skill level 1 in Invocations
    21 | D        | Reached skill level 1 in Short Blades
    21 | D        | Reached skill level 1 in Long Blades
    21 | D        | Reached skill level 1 in Axes
    21 | D        | Reached skill level 1 in Maces & Flails
    21 | D        | Reached skill level 1 in Staves
    21 | D        | Reached skill level 1 in Slings
    21 | D        | Reached skill level 1 in Bows
    21 | D        | Reached skill level 1 in Crossbows
    21 | D        | Reached skill level 1 in Stealth
    21 | D        | Reached skill level 1 in Shields
    21 | D        | Reached skill level 1 in Unarmed Combat
    21 | D        | Reached skill level 1 in Evocations
    21 | D        | Reached XP level 2. HP: 18/26 MP: 8/8
    30 | D        | Learned a level 2 spell: Blink
    31 | D        | Noticed a crimson imp
    39 | D        | Killed a crimson imp
    39 | D        | Reached skill level 5 in Fighting
    39 | D        | Reached skill level 5 in Polearms
    39 | D        | Reached skill level 5 in Dodging
    39 | D        | Reached skill level 1 in Conjurations
    39 | D        | Reached skill level 1 in Hexes
    39 | D        | Reached skill level 1 in Charms
    39 | D        | Reached skill level 1 in Summonings
    39 | D        | Reached skill level 1 in Necromancy
    39 | D        | Reached skill level 1 in Transmutations
    39 | D        | Reached skill level 1 in Fire Magic
    39 | D        | Reached skill level 1 in Ice Magic
    39 | D        | Reached skill level 1 in Air Magic
    39 | D        | Reached skill level 1 in Earth Magic
    39 | D        | Reached skill level 1 in Poison Magic
    39 | D        | Reached XP level 3. HP: 32/33 MP: 9/9
    54 | D        | Found a roughly hewn altar of Beogh.
    54 | D        | Found a snail-covered altar of Cheibriados.
    54 | D        | Found a shadowy altar of Dithmenos.
    54 | D        | Found a white marble altar of Elyvilon.
    54 | D        | Found a blossoming altar of Fedhas.
    54 | D        | Found an opulent altar of Gozag.
    55 | D        | Found a hazy altar of Hepliaklqana.
    56 | D        | Found a viscous altar of Jiyva.
    57 | D        | Found an ancient bone altar of Kikubaaqudgha.
    58 | D        | Found a corrupted altar of Lugonu.
    59 | D        | Found a burning altar of Makhleb.
    60 | D        | Found a sparkling altar of Nemelex Xobeh.
    61 | D        | Found an iron altar of Okawaru.
    62 | D        | Found a stormy altar of Qazlal.
    63 | D        | Found a sacrificial altar of Ru.
    64 | D        | Found a deep blue altar of Sif Muna.
    65 | D        | Found a bloodstained altar of Trog.
    66 | D        | Found a hide-covered altar of Uskayaw.
    67 | D        | Found a radiant altar of Vehumet.
    68 | D        | Found an ornate altar of the Wu Jian Council.
    69 | D        | Found a shimmering altar of Xom.
    70 | D        | Found a basalt altar of Yredelemnul.
    71 | D        | Found a glowing silver altar of Zin.
    73 | D        | Became a worshipper of Ru the Awakened
    75 | D        | Found a glowing golden altar of the Shining One.
   109 | D        | Learned a level 2 spell: Shroud of Golubria
   110 | D        | Noticed an ogre
   110 | D        | Noticed a centaur
   110 | D        | Noticed a scorpion
   114 | D        | Killed a centaur
   114 | D        | Reached XP level 4. HP: 31/40 MP: 9/12
   114 | D        | Reached XP level 5. HP: 36/46 MP: 9/13
   126 | D        | Reached XP level 6. HP: 27/52 MP: 7/15
   133 | D        | Reached skill level 5 in Throwing
   133 | D        | Reached skill level 5 in Armour
   150 | D        | Learned a level 4 spell: Passage of Golubria
   157 | D        | Noticed a komodo dragon
   157 | D        | Noticed a cyclops
   157 | D        | Noticed a hippogriff
   169 | D        | Killed a hippogriff
   169 | D        | Reached skill level 5 in Short Blades
   169 | D        | Reached skill level 5 in Long Blades
   169 | D        | Reached skill level 5 in Axes
   169 | D        | Reached skill level 5 in Maces & Flails
   169 | D        | Reached skill level 5 in Staves
   169 | D        | Reached skill level 5 in Slings
   169 | D        | Reached skill level 5 in Bows
   169 | D        | Reached skill level 5 in Crossbows
   169 | D        | Reached skill level 5 in Stealth
   169 | D        | Reached skill level 5 in Shields
   169 | D        | Reached skill level 5 in Unarmed Combat
   169 | D        | Reached skill level 5 in Invocations
   169 | D        | Reached skill level 5 in Evocations
   169 | D        | Reached XP level 7. HP: 22/60 MP: 5/17
   262 | D        | Killed a cyclops
   262 | D        | Reached skill level 5 in Conjurations
   262 | D        | Reached skill level 5 in Hexes
   262 | D        | Reached skill level 5 in Charms
   262 | D        | Reached skill level 5 in Summonings
   262 | D        | Reached skill level 5 in Necromancy
   262 | D        | Reached skill level 5 in Transmutations
   262 | D        | Reached skill level 5 in Fire Magic
   262 | D        | Reached skill level 5 in Ice Magic
   262 | D        | Reached skill level 5 in Air Magic
   262 | D        | Reached skill level 5 in Earth Magic
   262 | D        | Reached skill level 5 in Poison Magic
   262 | D        | Reached XP level 8. HP: 26/68 MP: 17/19
   267 | D        | Killed a komodo dragon
   278 | D        | Upgraded the game from 0.23-a0-171-g5ae17c6 to
                  | 0.23-a0-175-g97aacdb
   443 | D        | Gained mutation: You are missing an eye, making it more
                  | difficult to aim. [Ru sacrifice]
   443 | D        | Reached * piety under Ru
   513 | D        | Noticed a black mamba
   513 | D        | Noticed a hippogriff
   513 | D        | Noticed a komodo dragon
   520 | D        | Noticed a spiny frog
   522 | D        | HP: 1/68 [komodo dragon (7)]
   523 | D        | Killed a komodo dragon
   523 | D        | Slain by a bullfrog

Vault maps used:
D:        linesprint

Skill      XL: |  1  2  3  4  5  6  7  8 |
---------------+-------------------------+-----
Spellcasting   | 5 6 7 8 |  8.5
Invocations    | 1 2 3 4 5 6 7 |  7.4
Short Blades   | 1 2 3 4 5 6 |  6.8
Long Blades    | 1 2 3 4 5 6 |  6.8
Axes           | 1 2 3 4 5 6 |  6.8
Maces & Flails | 1 2 3 4 5 6 |  6.8
Staves         | 1 2 3 4 5 6 |  6.8
Slings         | 1 2 3 4 5 6 |  6.8
Bows           | 1 2 3 4 5 6 |  6.8
Crossbows      | 1 2 3 4 5 6 |  6.8
Stealth        | 1 2 3 4 5 6 |  6.8
Shields        | 1 2 3 4 5 6 |  6.8
Unarmed Combat | 1 2 3 4 5 6 |  6.8
Evocations     | 1 2 3 4 5 6 |  6.8
Fighting       | 5 6 7 8 |  8.3
Polearms       | 5 6 7 8 |  8.3
Throwing       | 3 4 5 6 7 |  7.3
Armour         | 3 4 5 6 7 |  7.3
Dodging        | 5 6 7 8 |  8.3
Conjurations   | 1 2 3 4 5 |  5.6
Hexes          | 1 2 3 4 5 |  5.6
Charms         | 1 2 3 4 5 |  5.6
Summonings     | 1 2 3 4 5 |  5.6
Necromancy     | 1 2 3 4 5 |  5.6
Transmutations | 1 2 3 4 5 |  5.6
Fire Magic     | 1 2 3 4 5 |  5.6
Ice Magic      | 1 2 3 4 5 |  5.6
Air Magic      | 1 2 3 4 5 |  5.6
Earth Magic    | 1 2 3 4 5 |  5.6
Poison Magic   | 1 2 3 4 5 |  5.6
Translocations | 6 7 8 |  8.0

Action                   |  1- 3 |  4- 6 |  7- 9 || total
-------------------------+-------+-------+-------++-------
Melee: Spear             |    32 |       |       ||    32
       Bite              |     2 |     1 |     1 ||     4
       Halberd           |     3 |    12 |     8 ||    23
 Cast: Shroud of Golubri |     1 |     2 |     6 ||     9
       Blink             |       |     4 |     3 ||     7
       Passage of Golubr |       |       |     5 ||     5
Invok: Sacrifice an Eye  |       |       |     1 ||     1
Evoke: Wand              |     1 |       |     8 ||     9
  Use: Potion            |     1 |       |     1 ||     2
 Stab: Sleeping          |       |     1 |       ||     1
Armor: Leather armour    |     4 |     2 |     1 ||     7
Dodge: Dodged            |    13 |    12 |     7 ||    32

Table legend:
 A = Non-vault XP
 B = Vault XP
 C = Vault XP percentage of total XP
 D = Non-vault monster count
 E = Vault monster count
 F = Vault count percentage of total count
                 A         B        C        D         E       F
            +---------+---------+-------+---------+---------+-------
      Total |       0 |    2172 | 100.0 |       0 |      24 | 100.0
            +---------+---------+-------+---------+---------+-------
          D |       0 |    2172 | 100.0 |       0 |      24 | 100.0
            +---------+---------+-------+---------+---------+-------
